 Dungeon Crawl Stone Soup version 0.21-a0-40-ge4214e1 (webtiles) character file.

11081 Deathclocker the Carver (level 11, -9/97 HPs)
             Began as a Minotaur Fighter on June 3, 2017.
             Was a High Priest of Okawaru.
             Mangled by a red ugly thing (21 damage)
             ... in a volcano.
             The game lasted 00:28:35 (11421 turns).

Deathclocker the Carver (Minotaur Fighter)         Turns: 11421, Time: 00:28:35

Health: -9/97      AC: 21    Str: 23    XL:     11   Next: 44%
Magic:  10/10      EV:  9    Int:  5    God:    Okawaru [*****.]
Gold:   654        SH: 12    Dex: 11    Spells: 10/10 levels left

rFire    . . .     SeeInvis .   T - +8 dagger "Falais" {pierce, *Slow rN+ MR+}
rCold    . . .     Gourm    .   M - +0 shield (curse)
rNeg     + . .     Faith    .   J - +0 plate armour (curse)
rPois    +         Spirit   .   N - +2 hat
rElec    .         Reflect  .   R - +0 cloak
rCorr    .         Harm     .   v - +2 pair of gloves {archery}
MR       +....                  (no boots)
Stlth    ..........             (no amulet)
Regen    0.3/turn               b - ring of poison resistance
MPRegen  0.2/turn               (no ring)

@: no status effects
A: retaliatory headbutt, horns 2
a: Heroism, Finesse, Renounce Religion


You were in a volcano.
You worshipped Okawaru.
Okawaru was extremely pleased with you.
You were not hungry.

You visited 2 branches of the dungeon, and saw 10 of its levels.
You also visited: Ossuary and Volcano.

You collected 654 gold pieces.

Inventory:

Hand Weapons
 a - a +1 long sword
 c - a +1 scimitar of freezing
 C - the +9 mace of Fimbulwinter {holy, rElec}
   (You found it on level 7 of the Dungeon)

   It has been blessed by the Shining One to cause great damage to the undead
   and demons.
   It insulates you from electricity.
 Q - a +0 double sword of flaming
 T - the +8 dagger "Falais" (weapon) {pierce, *Slow rN+ MR+}
   (You found it on level 1 of the Lair of Beasts)

   It inflicts extra damage upon your enemies.
   It protects you from negative energy.
   It affects your resistance to hostile enchantments.
   It may slow you when you take damage.
Armour
 v - a +2 pair of gloves of archery (worn)
 I - a scarf of resistance
 J - a cursed +0 plate armour (worn)
 M - a cursed +0 shield (worn)
 N - a +2 hat (worn)
 R - a +0 cloak (worn)
Jewellery
 b - a ring of poison resistance (left hand)
 L - a +4 ring of evasion {unknown}
Wands
 q - a wand of random effects (20/48)
 E - a wand of lightning (3/15)
 K - a wand of polymorph (5/24)
 P - a wand of random effects (32/48)
 S - a wand of paralysis (10/24)
Scrolls
 e - a scroll of immolation {unknown}
 i - 12 scrolls of identify {unknown}
 j - 8 scrolls of enchant weapon
 m - 8 scrolls of teleportation
 r - 3 scrolls of enchant armour {unknown}
 u - 2 scrolls of recharging {unknown}
 w - 2 scrolls of fog {unknown}
 y - 3 scrolls of remove curse {unknown}
 D - a scroll of blinking {unknown}
 O - 2 scrolls of magic mapping {unknown}
Potions
 d - 4 potions of might
 h - a potion of lignification {unknown}
 k - 2 potions of resistance
 n - a potion of flight {unknown}
 o - 2 potions of curing
 p - 3 potions of mutation {unknown}
 s - 4 potions of heal wounds {unknown}
 t - a potion of ambrosia {unknown}
 x - a potion of degeneration {unknown}
 z - a potion of haste {unknown}
 A - 2 potions of brilliance {unknown}
 F - 2 potions of agility {unknown}
Books
 B - a book of Cantrips

   Spells                             Type                      Level
   a - Confusing Touch                Hexes                        1
   b - Animate Skeleton               Necromancy                   1
   c - Summon Small Mammal            Summoning                    1
   d - Apportation                    Translocation                1
 H - a book of Conjurations

   Spells                             Type                      Level
   a - Magic Dart                     Conjuration                  1
   b - Searing Ray                    Conjuration                  2
   c - Dazzling Spray                 Conjuration/Hexes            3
   d - Fulminant Prism                Conjuration/Hexes            4
   e - Force Lance                    Conjuration/Translocation    4
   f - Iskenderun's Mystic Blast      Conjuration                  4
Comestibles
 f - 8 bread rations
 g - 10 fruits
 l - 7 meat rations
 G - 3 royal jellies


   Skills:
 + Level 9.1 Fighting
 + Level 12.3 Long Blades
 + Level 10.5 Armour
 + Level 6.9 Dodging
 - Level 1.0 Stealth
 + Level 10.3 Shields
 - Level 0.4 Invocations


You had 10 spell levels left.
You didn't know any spells.

Dungeon Overview and Level Annotations

Branches:
Dungeon (8/15)             Temple (0/1) D:4            Lair (2/6) D:8
  Swamp: Lair:2-4    Shoals: Lair:2-4     Snake: Lair:2-4    Spider: Lair:2-4

Altars:
Cheibriados
Fedhas
Gozag
Nemelex Xobeh
Okawaru
Sif Muna
Vehumet
Wu Jian
Xom
Yredelemnul

Shops:
D:7 %   D:8 %

Annotations:
D:7 exclusion: ice statue
D:8 exclusion: statue


Innate Abilities, Weirdness & Mutations

You reflexively headbutt those who attack you in melee.
You have a pair of horns on your head.


Message History

The red ugly thing is moderately wounded.
The red ugly thing trunk-slaps you.
You are engulfed in flames!
* * * LOW HITPOINT WARNING * * *
The orc sorcerer casts a spell.
You puncture the red ugly thing!
You headbutt the red ugly thing, but do no damage.
The red ugly thing is moderately wounded.
The red ugly thing trunk-slaps you but does no damage.
You hit the red ugly thing but do no damage.
The red ugly thing is moderately wounded.
Your shield and plate armour prevent you from hitting the red ugly thing.
Your headbutt misses the red ugly thing.
The red ugly thing is moderately wounded.
The red ugly thing trunk-slaps you but does no damage.
You closely miss the red ugly thing.
The red ugly thing is moderately wounded.
The red ugly thing trunk-slaps you!
* * * LOW HITPOINT WARNING * * *
You are engulfed in flames!!
You die...

#### ####..######
##..........## ##+ ##+##
###....§..≈§≈...
#....#..4###8.....≈§≈≈≈≈≈..
.._..'.4ou@......≈§≈≈≈≈≈≈≈.
#....#..9###8...§§§≈≈≈§≈§≈§
#'# ##'## ##..§§§§≈≈≈≈§§≈≈
...# ###...§§§≈≈§§§§≈§
#..⌠..##....§≈§§≈≈§§≈≈§≈
[8.....#....≈§§§§≈≈≈§≈≈≈≈
.##.....#...≈≈§§≈§≈≈≈§≈§§≈
#..8..#...§≈§§§§≈≈§≈≈≈≈≈
##$$$ #....≈.≈§≈≈§≈§§§≈≈


You could see a red ugly thing, a hellwing, a chaos spawn, a molten gargoyle and
an orc sorcerer.

Vanquished Creatures
  Gastronok (D:8)
  A sun demon (Volcano)
  Pikel (D:6)
  Maurice (D:8)
  A spiny frog (Lair:1)
  A komodo dragon (Lair:1)
  A red devil (Volcano)
  The ghost of yrara the Cudgeler, an amateur DsFi (D:4)
  2 hornets
  A hippogriff (Lair:1)
  A spriggan (D:7)
  6 fire bats (Volcano)
  4 yaks (Lair:1)
  Grum (D:8)
  A water moccasin (Lair:1)
  A hell hound (Volcano)
  A porcupine (Lair:1)
  2 phantoms
  2 ice beasts (D:6)
  A necrophage (D:8)
  4 ogres
  3 centaurs
  2 wolves (D:8)
  A crocodile (Lair:1)
  2 big kobolds (D:6)
  3 wyvern zombies (Ossuary)
  7 bullfrogs
  2 gnoll sergeants (D:6)
  A scorpion (D:4)
  An electric eel (Lair:1)
  3 crimson imps
  4 bullfrog zombies
  6 lava snakes (Volcano)
  3 quasits
  3 gnoll shamans (D:6)
  8 hounds
  5 jellies
  4 orc priests (D:4)
  A centaur skeleton (D:8)
  4 iguanas
  Crazy Yiuf (D:7)
  7 worker ants
  5 orc wizards
  A killer bee zombie (Ossuary)
  2 hound zombies (Ossuary)
  13 mummies (Ossuary)
  3 worker ant zombies (Ossuary)
  18 gnolls
  11 adders
  A howler monkey skeleton (D:5)
  2 shadow imps
  2 oozes
  4 adder zombies (Ossuary)
  2 worms
  4 dart slugs
  6 leopard geckos
  29 orcs
  13 bats
  4 giant cockroaches
  10 hobgoblins
  15 jackals
  11 kobolds
  4 quokkas
  2 ball pythons
  A frilled lizard (D:1)
  2 giant cockroach zombies (Ossuary)
  16 goblins
  A leopard gecko skeleton (D:4)
  A quokka zombie (Ossuary)
  9 rats
298 creatures vanquished.

Vanquished Creatures (others)
  7 withered plants (Ossuary)
7 creatures vanquished.

Grand Total: 305 creatures vanquished

Notes
Turn   | Place    | Note
-------+----------+-------------------------------------------
     0 | D:1      | Deathclocker the Minotaur Fighter began the quest for the Orb.
     0 | D:1      | Reached XP level 1. HP: 19/19 MP: 0/0
   143 | D:1      | Reached XP level 2. HP: 26/27 MP: 1/1
   332 | D:1      | Reached XP level 3. HP: 30/33 MP: 2/2
   496 | D:1      | Found a shimmering altar of Xom.
   502 | D:1      | Reached skill level 3 in Long Blades
   505 | D:1      | Found an ornate altar of the Wu Jian Council.
   505 | D:1      | Found an iron altar of Okawaru.
   512 | D:1      | Found a shadowy altar of Dithmenos.
   512 | D:1      | Found a sparkling altar of Nemelex Xobeh.
   512 | D:1      | Found a shimmering altar of Xom.
  1221 | D:2      | Reached XP level 4. HP: 29/40 MP: 3/3
  1449 | D:2      | Found a sparkling altar of Nemelex Xobeh.
  2275 | D:3      | Found an iron altar of Okawaru.
  2276 | D:3      | Found a basalt altar of Yredelemnul.
  2282 | D:3      | Found a blossoming altar of Fedhas.
  2285 | D:3      | Became a worshipper of Warmaster Okawaru
  2291 | D:3      | Found an ornate altar of the Wu Jian Council.
  2291 | D:3      | Found a deep blue altar of Sif Muna.
  2469 | D:3      | Reached XP level 5. HP: 47/47 MP: 4/4
  2471 | D:3      | Reached skill level 4 in Long Blades
  2530 | D:4      | Found a sand-covered staircase.
  2535 | Ossuary  | Entered an ossuary
  2601 | Ossuary  | Reached skill level 5 in Armour
  2601 | Ossuary  | Reached skill level 1 in Dodging
  2638 | Ossuary  | Reached XP level 6. HP: 18/53 MP: 5/5
  2639 | Ossuary  | Reached * piety under Okawaru
  2639 | Ossuary  | Reached skill level 5 in Long Blades
  2976 | Ossuary  | Reached skill level 6 in Long Blades
  2976 | Ossuary  | Reached XP level 7. HP: 32/60 MP: 6/6
  2992 | Ossuary  | Reached skill level 5 in Shields
  3228 | Ossuary  | Reached skill level 7 in Long Blades
  3509 | D:4      | Reached ** piety under Okawaru
  3509 | D:4      | Reached skill level 5 in Fighting
  3509 | D:4      | Reached skill level 1 in Stealth
  3813 | D:4      | Noticed yrara's ghost (amateur DsFi)
  4417 | D:4      | Reached skill level 8 in Long Blades
  4417 | D:4      | Reached XP level 8. HP: 43/68 MP: 7/7
  4548 | D:4      | Found a staircase to the Ecumenical Temple.
  4686 | D:4      | Killed yrara's ghost
  4844 | D:4      | Found an opulent altar of Gozag.
  4947 | D:5      | Entered Level 5 of the Dungeon
  5373 | D:5      | Reached skill level 9 in Long Blades
  6047 | D:6      | Reached XP level 9. HP: 70/75 MP: 8/8
  6200 | D:6      | Reached *** piety under Okawaru
  6235 | D:6      | Reached skill level 10 in Long Blades
  6628 | D:6      | Noticed Pikel
  6649 | D:6      | Killed Pikel
  6715 | D:6      | Reached **** piety under Okawaru
  7115 | D:7      | Noticed an ice statue
  7130 | D:7      | Got a faintly glowing mace
  7131 | D:7      | Identified the +9 mace of Fimbulwinter {holy, rElec} (You found it on level 7 of the Dungeon)
  7133 | D:7      | Found a runed door.
  7278 | D:7      | Reached skill level 11 in Long Blades
  7278 | D:7      | Reached XP level 10. HP: 81/86 MP: 9/9
  7511 | D:7      | Noticed Crazy Yiuf
  7513 | D:7      | Killed Crazy Yiuf
  7556 | D:8      | Found Mequuc's Food Shop.
  7666 | D:8      | Reached ***** piety under Okawaru
  7733 | D:8      | Found a snail-covered altar of Cheibriados.
  7828 | D:8      | Found a radiant altar of Vehumet.
  7853 | D:8      | Found a staircase to the Lair.
  7864 | D:8      | Noticed Gastronok
  7867 | D:8      | Paralysed by a hornet for 1 turns
  7868 | D:8      | Noticed Maurice
  7870 | D:8      | Paralysed by a hornet for 3 turns
  7879 | D:8      | HP: 1/86 [hornet (10)]
  8213 | D:7      | Reached skill level 5 in Dodging
  8323 | D:8      | Killed Gastronok
  8689 | D:8      | Noticed Grum
  8719 | D:8      | Received a gift from Okawaru
  8724 | D:8      | Killed Grum
  8767 | D:8      | Paralysed by Maurice for 2 turns
  8785 | D:8      | Killed Maurice
  8849 | Lair:1   | Entered Level 1 of the Lair of Beasts
  8936 | Lair:1   | Got a brightly glowing dagger
  8937 | Lair:1   | Identified the +8 dagger "Falais" {pierce, *Slow rN+ MR+} (You found it on level 1 of the Lair of Beasts)
  8997 | Lair:1   | Reached skill level 10 in Armour
  8997 | Lair:1   | Reached XP level 11. HP: 50/95 MP: 10/10
  9328 | Lair:1   | Reached skill level 12 in Long Blades
 10257 | Lair:2   | Found a dark tunnel.
 10265 | Volcano  | Entered a volcano
 10378 | Volcano  | Received a gift from Okawaru
 10378 | Volcano  | Reached skill level 10 in Shields
 11381 | Volcano  | Noticed an orc sorcerer
 11389 | Volcano  | Noticed a sun demon
 11393 | Volcano  | Found a burning altar of Makhleb.
 11394 | Volcano  | Noticed a sun demon
 11394 | Volcano  | Noticed a red ugly thing
 11414 | Volcano  | Killed a sun demon
 11421 | Volcano  | Mangled by a red ugly thing

Vault maps used:
D:1:      scummos_arrival_star, serial_forest, infiniplex_forest_end_2,
          infiniplex_forest_3_way, infiniplex_forest_clump_diagonal,
          infiniplex_forest_straight_2, infiniplex_forest_clump_diagonal,
          infiniplex_forest_lined_2, infiniplex_forest_lined_4_way,
          doesnt_xom_only_xom
D:2:      nemelex_lonely_heart_becter
D:3:      minitemple, first_bread
D:4:      old_standard_altar, minmay_temple_entry_enclosed_plants,
          enter_ossuary_2
D:5:      minmay_ogre_servants
D:6:      kennysheep_housing_project, uniq_pikel
D:7:      lemuel_ice_statue, the_bakery, uniq_crazy_yiuf_cottage
D:8:      vehumet_statue, cheibrodos_worm_habitat, lair_entry_dummy,
          serial_shops, shop, minmay_misc_feat_five, uniq_gastronok,
          uniq_maurice, uniq_grum
Lair:1:   serial_bayou_shore_a, lemuel_fruit_fields, infiniplex_staircase_pool
Lair:2:   nicolae_volcano_entry_hallway, lemuel_fruit_fields
Ossuary:  ossuary_zaba_flooded
Volcano:  volcano_grotto

Skill      XL: |  1  2  3  4  5  6  7  8  9 10 11 |
---------------+----------------------------------+-----
Armour         | 4 5 6 7 8 10 | 10.5
Fighting       | 4 5 7 8 9 |  9.1
Long Blades    | 3 4 6 8 9 11 12 | 12.3
Shields        | 4 5 6 8 9 10 | 10.3
Dodging        | 1 2 4 6 |  6.9
Stealth        | 1 |  1.0
Invocations    | |  0.4

Action                   |  1- 3 |  4- 6 |  7- 9 | 10-12 || total
-------------------------+-------+-------+-------+-------++-------
Melee: Long sword        |   114 |   158 |   461 |       ||   733
       Headbutt          |    19 |    35 |    82 |    67 ||   203
       Mace              |       |       |     8 |   148 ||   156
       Dagger            |       |       |       |   165 ||   165
Invok: Heroism           |       |     2 |     2 |     3 ||     7
  Use: Scroll            |       |     3 |       |       ||     3
       Potion            |       |       |     2 |     4 ||     6
  Eat: Chunk             |     1 |     5 |    13 |     9 ||    28
       Fruit             |       |     1 |     2 |     1 ||     4
       Bread ration      |       |       |       |     1 ||     1
Armor: Scale mail        |    63 |    53 |    36 |       ||   152
       Chain mail        |       |       |    94 |       ||    94
       Skin              |       |       |    19 |       ||    19
       Plate armour      |       |       |     3 |   184 ||   187
Dodge: Dodged            |    21 |    49 |   101 |   118 ||   289
Block: Shield            |    63 |    79 |   208 |   260 ||   610
       Rpst.: Long sword |     8 |    15 |    33 |       ||    56
